Map: Deathaura LE

Players

SortOf

  • Race: Zerg Zerg
  • League: Grandmaster
  • Spawn Location: 5:00

Kas - Winner!

  • Race: Terran Terran
  • League: Grandmaster
  • Spawn Location: 11:00

Event: DreamHack SC2 Masters 2020 Fall

VOD

Have the link to the VOD?

Description

Time

  • Played on: Sept. 6, 2020, 2 p.m.
  • Length: 14:42

All games in this series

Show
View Real Time Build Order
Export as new Build Order

SortOf Zerg 

Build Orders: Hatch First 

Get SALT Encoding   

  12  0:00  Drone  
  13  0:12  Overlord  
  13  0:16  Drone  
  14  0:31  Drone x2  
  16  0:48  Hatchery  
  15  0:51  Drone  
  15  0:55  Drone  
  17  0:58  Drone  
  18  1:09  Extractor  
  17  1:14  Spawning Pool  
  17  1:16  Drone  
  17  1:19  Drone  
  18  1:28  Drone  
  19  1:38  Drone  
  20  1:49  Drone  
  21  2:00  Queen x2  
  25  2:01  Overlord  
  25  2:02  Zergling x2  
  26  2:10  Zergling x2  
  26  2:11  Drone  
  26  2:14  Metabolic Boost  
  28  2:22  Drone x2  
  30  2:33  Overlord  
  30  2:35  Drone  
  30  2:36  Queen  
  33  2:44  Drone x2  
  35  2:58  Hatchery  
  35  3:01  Drone x2  
  36  3:06  Drone  
  36  3:07  Overlord  
  38  3:12  Drone  
  38  3:15  Drone  
  38  3:16  Drone  
  38  3:17  Queen  
  38  3:18  Drone x2  
  44  3:21  Overlord  
  44  3:27  Drone x2  
  46  3:37  Queen  
  48  3:43  Drone  
  48  3:46  Drone x3  
  48  3:47  Zergling x6  
  55  3:48  Baneling Nest  
  55  3:54  Drone  
  55  3:56  Queen  
  57  4:02  Drone  
  57  4:09  Overlord, Extractor  
  56  4:10  Overlord  
  56  4:12  Drone  
  57  4:18  Overlord  
  57  4:20  Overlord  
  57  4:26  Overlord  
  57  4:28  Drone x3  
  57  4:29  Drone  
  57  4:30  Evolution Chamber x2, Drone x3  
  62  4:32  Zergling x2  
  63  4:40  Zergling x4  
  63  4:45  Spore Crawler  
  64  4:46  Spore Crawler, Drone x4  
  64  4:49  Drone  
  64  4:51  Spore Crawler, Baneling x2  
  64  4:52  Drone  
  68  4:55  Drone  
  68  4:58  Drone x4  
  73  5:04  Zerg Ground Armor Level 1  
  73  5:05  Drone  
  73  5:06  Drone  
  75  5:09  Drone  
  75  5:13  Drone x2  
  78  5:15  Zerg Melee Weapons Level 1  
  78  5:17  Queen  
  78  5:20  Extractor  
  79  5:27  Zergling x4  
  79  5:28  Zergling x6  
  83  5:31  Drone  
  82  5:38  Zergling x8  
  84  5:42  Drone x3  
  84  5:44  Lair  
  78  5:54  Drone x7  
  82  6:02  Drone x3, Extractor  
  82  6:04  Extractor  
  83  6:09  Hatchery, Extractor  
  83  6:11  Drone x3  
  84  6:15  Overlord  
  84  6:19  Hatchery  
  84  6:20  Zergling x8  
  87  6:30  Zergling x14  
  94  6:35  Zergling x6  
  97  6:45  Zergling x10  
  102  6:47  Baneling x4  
  102  6:49  Centrifical Hooks  
  102  6:53  Hydralisk Den  
  101  6:55  Drone x3  
  104  7:01  Zerg Ground Armor Level 2  
  104  7:03  Zergling x2  
  104  7:04  Overlord x2  
  104  7:07  Baneling x7  
  105  7:10  Overseer  
  105  7:19  Zerg Melee Weapons Level 2  
  104  7:24  Drone x8  
  104  7:26  Zergling x6  
  115  7:31  Zergling x10  
  120  7:39  Zergling x6  
  123  7:45  Grooved Spines, Hydralisk x5  
  123  7:49  Zergling x2  
  134  7:52  Overlord  
  134  7:54  Overlord  
  134  7:55  Overlord x2  
  134  8:01  Overlord  
  134  8:03  Overlord  
  134  8:04  Baneling x7  
  134  8:05  Overlord  
  134  8:08  Overlord  
  132  8:13  Overseer  
  132  8:17  Zergling x32  
  136  8:27  Drone  
  136  8:28  Hydralisk x6  
  136  8:32  Drone x3  
  136  8:34  Extractor  
  151  8:38  Baneling x3  
  151  8:39  Baneling x6  
  151  8:40  Zergling x2  
  151  8:41  Zergling x2  
  153  8:48  Zergling x12  
  159  8:51  Baneling x5  
  159  8:53  Hatchery  
  158  8:56  Muscular Augments  
  158  8:58  Zergling x16  
  162  9:09  Hydralisk x5  
  173  9:10  Zergling x2  
  173  9:19  Infestation Pit  
  173  9:22  Zergling x8  
  173  9:23  Zergling x14  
  183  9:24  Baneling  
  183  9:25  Pneumatized Carapace  
  183  9:26  Overlord  
  183  9:36  Zerg Missile Weapons Level 1  
  183  9:37  Overlord  
  183  9:39  Drone x7  
  183  9:40  Drone  
  183  9:41  Zergling x8  
  183  9:43  Baneling x3  
  195  9:46  Baneling x6  
  195  9:53  Zergling x6  
  195  9:56  Baneling x6  
  195  9:57  Zergling x4  
  196  10:08  Baneling x7  
  196  10:13  Zergling x14  
  199  10:20  Zergling x6  
  198  10:27  Zergling x18  
  198  10:28  Zergling x10  
  199  10:33  Baneling x11  
  185  10:37  Zergling x12  
  185  10:40  Zergling x8  
  168  10:47  Zergling x4  
  168  10:48  Baneling  
  168  10:49  Baneling x28  
  164  10:52  Zergling x2  
  164  10:53  Zergling x8  
  164  10:57  Zergling x14  
  164  11:02  Baneling x8  
  170  11:04  Zergling x8  
  170  11:11  Zergling x8  
  178  11:15  Zergling x10  
  183  11:21  Zergling x12  
  183  11:25  Zergling x4  
  191  11:30  Zergling x10  
  177  11:35  Zergling x2  
  177  11:36  Zergling x6  
  177  11:39  Zergling x4  
  141  11:44  Hydralisk x2  
  141  11:46  Baneling x19  
  126  11:47  Hydralisk x4  
  126  11:53  Zergling x10  
  126  11:54  Zergling x4  
  134  12:02  Hatchery  
  134  12:03  Hydralisk  
  135  12:09  Zergling x10  
  135  12:13  Zergling x2  
  135  12:15  Baneling x5  
  135  12:17  Zergling x10  
  135  12:18  Zergling x2  
  135  12:22  Baneling x9  
  141  12:28  Zergling x12  
  147  12:32  Baneling x6  
  147  12:36  Zergling x6  
  150  12:43  Zergling x6  
  150  12:44  Zergling x8  
  157  12:46  Zergling x4  
  159  12:51  Zergling x4  
  159  12:53  Baneling x3  
  159  12:54  Baneling x7  
  159  12:56  Zergling x2  
  162  13:03  Zergling x16  
  164  13:08  Zergling x4  
  164  13:09  Zergling x6  
  147  13:15  Hydralisk x3  
  130  13:27  Hydralisk x5  
  130  13:31  Hive  
  141  13:34  Zergling x8  
  141  13:38  Zergling x8  
  133  13:44  Zergling x10  
  123  13:49  Zergling x8  
  123  13:52  Zergling x2  
  123  13:54  Zergling x2  
  119  13:56  Zergling x2  
  119  13:57  Zergling x6  
  119  14:02  Drone x3  
  120  14:06  Zergling x6  
  114  14:11  Zergling x4  
  114  14:22  Baneling x5  
  114  14:30  Hatchery  
Show
View Real Time Build Order
Export as new Build Order

Kas Terran - Winner!

Build Orders: Liberator Opening, Reaper Expand 

Get SALT Encoding   

  12  0:00  SCV  
  13  0:12  SCV  
  14  0:17  Supply Depot  
  14  0:24  SCV  
  15  0:38  SCV  
  15  0:41  Barracks  
  16  0:43  Refinery  
  16  0:50  SCV  
  17  1:02  SCV  
  18  1:15  SCV  
  19  1:27  Orbital Command  
  19  1:28  Reaper  
  20  1:39  Command Center  
  20  1:48  Supply Depot  
  20  1:53  SCV  
  21  2:00  Marine  
  22  2:05  SCV  
  22  2:08  Factory  
  23  2:17  Refinery  
  23  2:21  Barracks Reactor  
  23  2:24  SCV  
  24  2:36  SCV  
  25  2:48  SCV  
  26  2:53  Orbital Command, Starport  
  26  3:02  SCV  
  27  3:11  Hellion x2, Marine  
  32  3:14  SCV  
  34  3:20  SCV  
  34  3:26  SCV, Supply Depot  
  35  3:30  Viking  
  35  3:32  SCV  
  37  3:38  SCV  
  37  3:41  Hellion x2  
  42  3:44  SCV  
  43  3:50  SCV  
  44  3:56  SCV  
  44  4:00  Liberator  
  49  4:02  SCV  
  49  4:05  Command Center  
  49  4:12  Supply Depot  
  49  4:13  SCV  
  49  4:16  Barracks Tech Lab  
  50  4:18  Hellion x2  
  50  4:21  Supply Depot  
  54  4:34  SCV x2  
  56  4:42  Stimpack, Marine  
  56  4:43  Hellion x2  
  61  4:46  SCV x2, Supply Depot  
  63  4:55  Starport Reactor  
  63  4:58  SCV x2  
  65  5:01  Barracks  
  65  5:04  Barracks  
  65  5:06  Marine  
  66  5:12  SCV  
  66  5:13  SCV  
  66  5:15  Engineering Bay, Factory Tech Lab  
  66  5:18  Engineering Bay  
  66  5:19  Orbital Command  
  66  5:24  SCV, Refinery, Marine  
  66  5:25  Refinery  
  66  5:28  SCV  
  69  5:36  SCV  
  61  5:56  Siege Tank  
  58  5:58  SCV  
  58  6:01  Terran Infantry Weapons Level 1, Terran Infantry Armor Level 1  
  58  6:02  SCV  
  56  6:04  SCV  
  56  6:05  Starport Reactor, Marine x5  
  56  6:10  SCV  
  63  6:11  Barracks x2  
  63  6:14  SCV  
  63  6:16  SCV  
  65  6:22  Armory, Combat Shield, SCV  
  65  6:23  Marine x4  
  65  6:24  Orbital Command  
  65  6:25  Marine  
  71  6:27  SCV  
  71  6:30  Siege Tank  
  71  6:31  Supply Depot  
  75  6:34  SCV  
  75  6:39  SCV, Supply Depot  
  77  6:40  Marine  
  77  6:41  Marine x3  
  77  6:43  Marine  
  77  6:44  Medivac  
  77  6:46  SCV, Medivac  
  87  6:50  SCV  
  87  6:51  SCV  
  89  6:55  Bunker  
  89  6:58  SCV, Marine x2  
  89  6:59  Barracks Reactor x2, Marine x2  
  89  7:01  Marine  
  95  7:02  SCV, Supply Depot  
  95  7:07  Supply Depot  
  95  7:08  Siege Tank  
  99  7:09  Supply Depot  
  99  7:13  SCV x2  
  101  7:16  Marine x4  
  101  7:18  Marine  
  106  7:27  SCV x2  
  106  7:28  SCV  
  106  7:29  Missile Turret  
  109  7:34  Marine x4  
  109  7:35  Barracks x2  
  109  7:36  Marine  
  114  7:38  Barracks  
  114  7:42  Marine x3  
  114  7:43  Marine  
  118  7:44  Siege Tank  
  118  7:50  Supply Depot  
  121  7:51  Medivac  
  121  7:52  Medivac, Marine x4, Supply Depot  
  121  7:54  Supply Depot, Marine  
  130  8:00  Marine x3  
  133  8:12  Marine x6  
  139  8:18  Marine x3, Siege Tank  
  134  8:29  Medivac x2  
  134  8:30  Barracks Reactor x3, Marine x6  
  134  8:32  Terran Infantry Weapons Level 2  
  144  8:36  Terran Infantry Armor Level 2, Marine x3  
  147  8:46  Supply Depot  
  147  8:47  Marine x6  
  147  8:48  Supply Depot  
  153  8:51  Refinery  
  153  8:52  Supply Depot  
  153  8:53  Marine, Siege Tank  
  157  8:59  Marine  
  157  9:07  Marine x8  
  157  9:09  Medivac, Marine x5  
  172  9:11  Marine  
  172  9:14  Medivac  
  172  9:16  Marine  
  176  9:17  Factory  
  176  9:19  Refinery  
  176  9:23  Supply Depot  
  176  9:25  Marine x5  
  176  9:26  Supply Depot  
  181  9:42  Marine x8  
  181  9:44  Medivac x2, Marine x3  
  181  9:45  Marine  
  196  9:48  Siege Tank  
  200  9:53  Marine  
  200  9:56  Marine  
  200  10:01  Marine  
  197  10:07  Marine  
  197  10:08  Marine x2  
  197  10:12  Factory Tech Lab  
  200  10:21  Command Center  
  200  10:23  Marine  
  184  10:43  Marine x5  
  181  10:50  Supply Depot  
  181  10:52  Marine x2, Siege Tank x2  
  181  10:53  Marine x4  
  181  10:54  Marine x3  
  181  10:55  Medivac, Marine  
  181  10:56  Medivac  
  188  11:01  Marine  
  189  11:11  Marine x8  
  189  11:16  Terran Infantry Weapons Level 3  
  197  11:31  Marine x4  
  197  11:32  Marine x8  
  197  11:33  Marine x3, Siege Tank  
  154  11:49  Marine x6  
  154  11:50  Marine x9  
  154  11:51  Siege Tank  
  172  12:01  Medivac  
  174  12:04  SCV  
  174  12:05  Siege Tank  
  174  12:06  SCV  
  174  12:07  Marine x6  
  174  12:08  Marine x8  
  188  12:10  Marine  
  194  12:25  Marine x6  
  174  13:14  Marine x3  
  173  13:20  Siege Tank x2  
  173  13:25  Marine x10  
  182  13:34  Marine x5  
  186  13:43  Marine x10  
  157  13:50  Medivac  
  157  13:52  Marine x5, Siege Tank x2  
  157  13:55  SCV x2  
  168  14:00  Marine  
  168  14:01  Marine x9  
  161  14:10  Marine x5  
  161  14:16  SCV  
  162  14:18  Marine x4  
  162  14:21  Marine x2  

Tags
 
Add a new tag
Caveats
  • Supply blocks, unpowered buildings, or Contaminate may cause inaccurate times.
  • Supply counts are checked every 10 seconds.